 Dungeon Crawl Stone Soup version 0.28.0-43-g3370ac3207 (webtiles) character file.

Game seed: 3141744413450749832

509 Iusername the Covered (level 6, -2/55 HPs)
             Began as a Minotaur Fighter on Apr 1, 2022.
             Was a Priest of Wu Jian.
             Slain by an ice beast (3 damage)
             ... on level 5 of the Dungeon.
             The game lasted 00:16:24 (4514 turns).

Iusername the Covered (Minotaur Fighter)            Turns: 4514, Time: 00:16:28

Health: -2/55      AC:  3    Str: 21    XL:     6   Next: 98%
Magic:  5/5        EV: 15    Int:  7    God:    Wu Jian [***...]
Gold:   99         SH:  4    Dex:  9    Spells: 5/5 levels left

rFire   + . .      SeeInvis .   g - staff of poison
rCold   + + .      Faith    +   c - +0 buckler
rNeg    . . .      Spirit   .   x - +1 leather armour {rF+}
rPois   +          Reflect  .   (helmet restricted)
rElec   .          Harm     .   (no cloak)
rCorr   .          Rampage  .   m - +1 pair of gloves of Wihuvih {rC++}
Will    .....                   (no boots)
Stlth   +.........              i - amulet of faith
HPRegen 0.18/turn               f - +4 ring of evasion
MPRegen 0.09/turn               (no ring)

@: mighty, corroded
A: horns 2, retaliatory headbutt, talons 1, clever 1, clumsy 1, wild magic 1,
sturdy frame 1
a: Renounce Religion, Wall Jump, Serpent's Lash


You were on level 5 of the Dungeon.
You worshipped Wu Jian.
Wu Jian was most pleased with you.
You visited 1 branch of the dungeon, and saw 5 of its levels.

You collected 99 gold pieces.

Inventory:

Hand Weapons
 a - a +0 flail
 o - a +1 dagger of venom
Armour
 b - a +0 scale mail
 c - a +0 buckler (worn)
 m - the +1 pair of gloves of Wihuvih (worn) {rC++}
   (You found it on level 2 of the Dungeon)

   rC:        It greatly protects you from cold.
 x - a +1 leather armour of fire resistance (worn)
Magical Staves
 g - a staff of poison (weapon)
Jewellery
 f - a +4 ring of evasion (left hand)
 i - an amulet of faith (around neck)
 r - an amulet of the acrobat
Scrolls
 k - a scroll of enchant weapon {unknown}
 n - a scroll of fog {unknown}
 p - 3 scrolls of noise
 q - a scroll of fear {unknown}
 u - 2 scrolls of amnesia {unknown}
Potions
 j - 2 potions of brilliance {unknown}
 l - a potion of berserk rage {unknown}
 t - a potion of degeneration {unknown}
 v - 3 potions of haste


   Skills:
 + Level 4.9 Fighting
 + Level 3.8(4.6) Maces & Flails
 + Level 3.8(4.6) Staves
 + Level 5.8 Armour
 + Level 2.1 Dodging
 + Level 0.5 Stealth
 + Level 4.7 Shields


You had 5 spell levels left.
You didn't know any spells.
Your spell library contained the following spells:

 Spells                   Type           Power      Damage    Failure   Level
 Ensorcelled Hibernation  Hex/Ice        0%         N/A       75%         2
 Passwall                 Tmut/Erth      0%         N/A       75%         2
 Frozen Ramparts          Ice            0%         1d2       92%         3
 Swiftness                Air            0%         N/A       92%         3
 Ice Form                 Ice/Tmut       0%         N/A       100%        4
 Summon Ice Beast         Ice/Summ       0%         N/A       100%        4


Dungeon Overview and Level Annotations

Branches:
Dungeon (5/15)
 Temple: D:4-7

Altars:
Elyvilon
Wu Jian

Shops:
D:3 (


Innate Abilities, Weirdness & Mutations

You have a pair of horns on your head.
You reflexively headbutt those who attack you in melee.
You have sharp toenails.
Your mind is acute. (Int +2)
You are clumsy. (Dex -2)
Your spells are a little harder to cast, but a little more powerful.
Your movements are slightly less encumbered by armour. (ER -2)


Message History

Something hits you. The jelly closely misses you. You furiously retaliate!
You headbutt the jelly.
The ice beast hits you but does no damage.
You hit the jelly. The acid corrodes you!
Your hands burn!
The jelly is almost dead.
Something hits you. The jelly misses you. You furiously retaliate!
You headbutt the jelly, but do no damage.
The ice beast misses you.
You hit the jelly but do no damage.
Your hands burn!
* * * LOW HITPOINT WARNING * * *
You headbutt the jelly.
You kill the jelly!
The Council accepts your kill. Something hits you but does no damage.
You block the ice beast's attack.
You feel very mighty all of a sudden. Something hits you but does no damage.
The ice beast barely misses you.
You hit the ice beast but do no damage. You block something's attack.
The ice beast hits you.
* * * LOW HITPOINT WARNING * * *
The ice beast freezes you. You resist.
* * * LOW HITPOINT WARNING * * *
You hit the ice beast but do no damage. You headbutt the ice beast!!
The ice beast is severely wounded.
You hear some strange, mumbled words.
A magic dart appears from out of thin air!
The magic dart hits you!
* * * LOW HITPOINT WARNING * * *
The ice beast closely misses you.
It was a potion of mutation.
You feel extremely strange.
You feel resistant to heat.
You feel weaker.
You feel clever. Something hits you.
* * * LOW HITPOINT WARNING * * *
The ice beast hits you but does no damage.
You feel extremely strange.
You feel stronger.
You no longer feel heat resistant.
You feel less encumbered by your armour.
You feel clumsy.
Your toenails lengthen and sharpen.
You feel less in control of your magic. Something hits you but does no damage.
The ice beast hits you.
You die...

............###...
................# ..
##...........##.# ...
#.........รท.##.# ##....
#...........##.###......
#.<.........##........#.
#...........>...........
#...^............#......
#........###...@Y#......
#.........##....{)..#
...........#.....##.....
...........#.....# #...
.................# ..
.................#
#..........#.....#
..........##.[...#
.#........##.....#


You could see an ice beast.

Vanquished Creatures
  A wraith (D:5)
  A phantom (D:4)
  A jelly (D:5)
  A hound (D:5)
  An orc priest (D:5)
  An iguana (D:5)
  4 gnolls (D:3)
  5 adders
  A worm (D:3)
  3 dart slugs
  11 orcs
  7 ball pythons
  8 bats
  5 endoplasms
  2 giant cockroaches (D:1)
  4 goblins
  8 hobgoblins
  4 kobolds
  3 quokkas
  A frilled lizard (D:1)
  4 rats
76 creatures vanquished.

Vanquished Creatures (others)
  3 plants (D:4)
3 creatures vanquished.

Grand Total: 79 creatures vanquished

Notes
Turn   | Place    | Note
-------+----------+-------------------------------------------
     0 | D:1      | Iusername the Minotaur Fighter began the quest for the Orb.
     0 | D:1      | Reached XP level 1. HP: 19/19 MP: 0/0
   106 | D:1      | Reached XP level 2. HP: 22/27 MP: 1/1
   171 | D:1      | Found a faded altar of an unknown god.
   174 | D:1      | Prayed at the altar of an unknown god.
   174 | D:1      | Became a worshipper of the Wu Jian Council
   174 | D:1      | Reached * piety under Wu Jian
  1034 | D:2      | Reached skill level 4 in Armour
  1034 | D:2      | Reached XP level 3. HP: 33/34 MP: 2/2
  1564 | D:2      | Identified the +1 pair of gloves of Wihuvih {rC++}
  1606 | D:2      | Reached XP level 4. HP: 39/41 MP: 3/3
  1969 | D:3      | Reached ** piety under Wu Jian
  2102 | D:3      | Reached skill level 1 in Staves
  2295 | D:3      | Reached XP level 5. HP: 18/47 MP: 4/4
  2700 | D:3      | Found Veym's Weapon Shoppe.
  3122 | D:4      | Noticed a phantom
  3135 | D:4      | Killed a phantom
  3136 | D:4      | Reached skill level 1 in Dodging
  3468 | D:4      | Found a white marble altar of Elyvilon.
  3492 | D:4      | Found an ornate altar of the Wu Jian Council.
  3834 | D:4      | Reached skill level 5 in Armour
  4181 | D:5      | Entered Level 5 of the Dungeon
  4201 | D:5      | Reached XP level 6. HP: 50/53 MP: 5/5
  4207 | D:5      | Noticed a wraith
  4226 | D:5      | Killed a wraith
  4488 | D:5      | Reached *** piety under Wu Jian
  4489 | D:5      | Noticed an ice beast
  4512 | D:5      | HP: 2/55 [something/magic dart (9)]
  4513 | D:5      | Gained mutation: Your flesh is heat resistant. (rF+)
                  | [potion of mutation]
  4513 | D:5      | Gained mutation: You are weak. (Str -2) [potion of
                  | mutation]
  4513 | D:5      | Gained mutation: Your mind is acute. (Int +2) [potion of
                  | mutation]
  4514 | D:5      | Lost mutation: You are weak. (Str -2) [potion of mutation]
  4514 | D:5      | Lost mutation: Your flesh is heat resistant. (rF+) [potion
                  | of mutation]
  4514 | D:5      | Gained mutation: Your movements are slightly less
                  | encumbered by armour. (ER -2) [potion of mutation]
  4514 | D:5      | Gained mutation: You are clumsy. (Dex -2) [potion of
                  | mutation]
  4514 | D:5      | Gained mutation: You have sharp toenails. [potion of
                  | mutation]
  4514 | D:5      | Gained mutation: Your spells are a little harder to cast,
                  | but a little more powerful. [potion of mutation]
  4514 | D:5      | Slain by an ice beast

Illustrated notes

Levels and vault maps discovered:
D:1:      grunt_arrival_crossed_arrows, layout_loops_ring,
          chequers_ecumenical_altar_grove, minmay_misc_feat_x
D:2:      layout_loops_ring, uniq_crazy_yiuf_cottage
D:3:      layout_basic, serial_shops, shop
D:4:      layout_basic, mainiacjoe_overflow_big_doors, minmay_strange_pillars
D:5:      layout_rooms, nicolae_ashenzari_skybound

Skill      XL: |  1  2  3  4  5  6 |
---------------+-------------------+-----
Fighting       | 4 |  4.9
Armour         | 4 5 |  5.8
Shields        | 4 |  4.7
Maces & Flails | 3 |  3.8
Staves         | 1 2 3 |  3.8
Dodging        | 1 2 |  2.1
Stealth        | |  0.5

Action                   |  1- 3 |  4- 6 || total
-------------------------+-------+-------++-------
Melee: Flail             |    39 |       ||    39
       Headbutt          |     5 |    43 ||    48
       Staff             |    52 |   199 ||   251
Invok: Lunge             |     8 |    16 ||    24
       Whirlwind         |     6 |    18 ||    24
  Use: Scroll            |     1 |     3 ||     4
       Potion            |       |     8 ||     8
Armor: Scale mail        |    39 |    54 ||    93
       Leather armour    |       |    23 ||    23
Dodge: Dodged            |    46 |   106 ||   152
Block: Buckler           |    21 |    35 ||    56
